cohdb
Replays
Latest Replays
All Replays
Popular Replays
Top Player Replays
Match Explorer
How It Works
Community
CoH3 Stats
Reddit
Sign in to upload your games and track your stats! →
Sign in with Steam
Match 19975482
Unlisted
Match 19975482
Overview
Messages
Build Orders
End
Kradschützen Motorcycle Team
Panzergrenadier Squad
Selects Italian Infantry
250 Light Carrier
Construct Light Support Kompanie
Assault Grenadier Squad
Selects Defensive Operations
2.5-tonne Medical Truck
Panzerjäger Squad
Fire Support Elements
Combat Half-tracks
Selects Guastatori Squad
le.IG 18 Mechanized Group
Pak 38 Anti-tank Gun Team
Veteran Squad Leaders
Selects L6/40 Light Tank Combat Group
Construct Mechanized Kompanie
Selects Prepared Positions
AI Takeover
captinant515
jigsaw
ms0264807
MonoChrome
0
0
Comments
sign in to comment!
No comments posted yet!